[Event "ICC tourney 2399 (75 10)"]
[Site "Internet Chess Club"]
[Date "2021.02.21"]
[Round "6"]
[White "WonderZ"]
[Black "Dking135799"]
[Result "1/2-1/2"]
[ICCResult "Game drawn by repetition"]
[WhiteElo "2053"]
[BlackElo "2251"]
[Opening "Trompowsky attack (Ruth, Opocenský opening)"]
[ECO "A45"]
[NIC "QP.07"]
[Time "18:07:14"]
[PlyCount "181"]
[TimeControl "4500+10"]

1. d4 Nf6 2. Bg5 d5 3. e3 c5 4. Bxf6 exf6 5. dxc5 Bxc5 6. Ne2 Nc6 7. c3 O-O
8. g3 Bf5 9. Bg2 Be4 10. O-O Ne7 11. a4 a5 12. Na3 Ng6 13. Nd4 Ne5 14. f3
Bg6 15. f4 Bxa3 16. Rxa3 Nc4 17. f5 Nxa3 18. bxa3 Qe7 19. Re1 Qxa3 20. Nb5
Qe7 21. fxg6 hxg6 22. Qxd5 Rad8 23. Qxb7 Qc5 24. Qc6 Qf5 25. Qe4 Qg5 26.
Nd4 Rfe8 27. Qd3 Qc5 28. Qd2 Qc4 29. Ra1 Rc8 30. Nb5 Red8 31. Qb2 f5 32.
Bf1 Qe4 33. Qf2 Rd7 34. Bg2 Qe5 35. Rb1 Rc4 36. Nd4 Rxc3 37. Nf3 Qe8 38.
Bf1 Rd8 39. Ng5 f6 40. Bb5 Qe7 41. Qa2+ Kh8 42. Nf7+ Kh7 43. Nxd8 Qxd8 44.
Qf2 Qe7 45. Re1 Qe6 46. Kh1 Qe4+ 47. Qg2 Qb4 48. Qf2 Qb3 49. Qf1 Qc2 50.
Qh3+ Kg8 51. Qf1 Qe4+ 52. Qg2 Qb4 53. Rd1 Rc8 54. Qd5+ Kh7 55. Qd4 Qb3 56.
Bd7 Rc4 57. Qd3 Rc3 58. Qb1 Qa3 59. Qa1 Qc5 60. Bb5 Qxe3 61. Rf1 Rc2 62.
Qe1 Qd4 63. Be2 Qb2 64. Bf3 Rxh2+ 65. Kg1 Rc2 66. g4 Qd4+ 67. Kh1 fxg4 68.
Qh4+ Kg8 69. Rd1 Rd2 70. Qxg4 Rxd1+ 71. Bxd1 Qxg4 72. Bxg4 f5 73. Be2 Kf7
74. Kg2 Kf6 75. Kg3 g5 76. Bb5 g4 77. Kf4 g5+ 78. Kg3 Ke5 79. Be8 Ke4 80.
Bc6+ Kd4 81. Bd7 Ke5 82. Bb5 Ke6 83. Be8 Ke7 84. Bb5 Kd6 85. Bd3 Ke5 86.
Bb5 Ke4 87. Bc6+ Ke3 88. Bd7 Ke4 89. Bc6+ Ke3 90. Bd7 Ke4 91. Bc6+ { Game
drawn by repetition } 1/2-1/2

[Event "ICC tourney 2399 (75 10)"]
[Site "Internet Chess Club"]
[Date "2021.02.21"]
[Round "6"]
[White "savchess06"]
[Black "josuevm"]
[Result "0-1"]
[ICCResult "White resigns"]
[WhiteElo "2096"]
[BlackElo "2272"]
[Opening "Sicilian: accelerated fianchetto, Breyer variation"]
[ECO "B39"]
[NIC "SI.33"]
[Time "18:07:16"]
[PlyCount "94"]
[TimeControl "4500+10"]

1. e4 c5 2. Nf3 Nc6 3. d4 cxd4 4. Nxd4 g6 5. c4 Bg7 6. Be3 Nf6 7. Nc3 Ng4
8. Qxg4 Nxd4 9. Qd1 Ne6 10. Qd2 Qa5 11. Rc1 b6 12. Be2 Bb7 13. f3 h5 14.
O-O g5 15. Rfd1 d6 16. b3 h4 17. Nd5 Qxd2 18. Rxd2 Rc8 19. Rdd1 Be5 20. a4
f6 21. a5 bxa5 22. Bxa7 Kf7 23. Be3 Nc5 24. Rb1 e6 25. Nb6 Rc7 26. Bd4
Bxd4+ 27. Rxd4 Bc6 28. Na4 Rb8 29. Nxc5 dxc5 30. Rdd1 Ra7 31. Kf2 Ke7 32.
Ke3 Rab7 33. Rd3 a4 34. Bd1 Rb4 35. Bc2 R4b7 36. Kd2 g4 37. Kc1 axb3 38.
Rbxb3 Rxb3 39. Bxb3 h3 40. gxh3 gxf3 41. Rxf3 Bxe4 42. Re3 f5 43. Kd2 Kf6
44. Kc3 Rh8 45. Bd1 Bg2 46. Kd3 Bxh3 47. Re1 Bg2 { White resigns } 0-1

[Event "ICC tourney 2399 (75 10)"]
[Site "Internet Chess Club"]
[Date "2021.02.21"]
[Round "6"]
[White "BlueJay01"]
[Black "PawnEatingZombi"]
[Result "1/2-1/2"]
[ICCResult "Game drawn by mutual agreement"]
[WhiteElo "2100"]
[BlackElo "2200"]
[Opening "English opening"]
[ECO "A13"]
[NIC "EO.64"]
[Time "18:07:47"]
[PlyCount "101"]
[TimeControl "4500+10"]

1. c4 e6 2. g3 d5 3. Bg2 dxc4 4. Qa4+ Nd7 5. Qxc4 a6 6. Nf3 Ngf6 7. O-O b5
8. Qc2 Bb7 9. Nc3 c5 10. a4 Qb6 11. d3 Be7 12. Qb3 b4 13. Nb1 Bd5 14. Qc2
Rc8 15. Nbd2 O-O 16. Nc4 Qd8 17. Nfd2 Bxg2 18. Kxg2 Nb6 19. Nb3 Nxc4 20.
dxc4 Qc7 21. f3 h6 22. Be3 Rfd8 23. Rad1 Qc6 24. Nc1 Ng4 25. Bg1 Bg5 26. e4
Bxc1 27. Qxc1 Ne5 28. Qc2 Qb6 29. b3 Nc6 30. Rxd8+ Rxd8 31. Rd1 Rxd1 32.
Qxd1 Na5 33. Qd3 Qc7 34. Kf1 Nb7 35. f4 Kf8 36. Ke2 Ke7 37. Kd2 Qd6 38.
Qxd6+ Kxd6 39. Kd3 f6 40. Be3 e5 41. f5 Na5 42. Kc2 Nc6 43. Kd2 Nd4 44.
Bxd4 exd4 45. a5 h5 46. h4 Ke7 47. Ke2 Kf7 48. Kd3 g5 49. e5 gxh4 50. e6+
Ke7 51. gxh4 { Game drawn by mutual agreement } 1/2-1/2

[Event "ICC tourney 2399 (75 10)"]
[Site "Internet Chess Club"]
[Date "2021.02.21"]
[Round "6"]
[White "jy2020"]
[Black "ChessKidA8"]
[Result "0-1"]
[ICCResult "White resigns"]
[WhiteElo "2236"]
[BlackElo "2207"]
[Opening "French: Steinitz, Boleslavsky variation"]
[ECO "C11"]
[NIC "FR.04"]
[Time "18:07:18"]
[PlyCount "156"]
[TimeControl "4500+10"]

1. e4 e6 2. d4 d5 3. Nc3 Nf6 4. e5 Nfd7 5. f4 c5 6. Nf3 Nc6 7. Be3 a6 8.
Qd2 b5 9. dxc5 Bxc5 10. Bd3 Qb6 11. Bf2 h6 12. O-O Bxf2+ 13. Qxf2 Bb7 14.
Ne2 Qxf2+ 15. Kxf2 Nb6 16. Nfd4 Nxd4 17. Nxd4 Ke7 18. Rae1 b4 19. b3 g6 20.
Ke3 a5 21. g4 h5 22. f5 gxf5 23. gxf5 Nd7 24. f6+ Kd8 25. Kf4 Ba6 26. Bxa6
Rxa6 27. Rg1 Nf8 28. Rg7 Ng6+ 29. Kg5 Ke8 30. Nb5 Kf8 31. Nd4 h4 32. Re3
Ne7 33. c3 Nc6 34. Nb5 Rb6 35. c4 d4 36. Re1 d3 37. Kf4 Rb7 38. Nd6 Rd7 39.
c5 h3 40. Rg4 d2 41. Rd1 Rh5 42. Rdg1 Rh8 43. Rg5 Rc7 44. Ke3 Nd8 45. Ne4
Nb7 46. Nxd2 Nxc5 47. Nc4 a4 48. Rd1 Nb7 49. Nd6 Rc3+ 50. Ke2 Rc2+ 51. Kf1
Nd8 52. Nc4 Ke8 53. Kg1 Rxa2 54. Nd6+ Kf8 55. Nb5 Nc6 56. Na7 Rg8 57. Rxg8+
Kxg8 58. Nxc6 axb3 59. Rd4 Kh7 60. Rh4+ Kg6 61. Rg4+ Kf5 62. Rxb4 b2 63.
Nd4+ Kg6 64. Rb3 Ra1+ 65. Kf2 b1=Q 66. Rxb1 Rxb1 67. Kg3 Rb4 68. Nc6 Rc4
69. Nd8 Rc5 70. Kf4 Rc2 71. Kg3 Rc7 72. Kg4 Kh7 73. Kxh3 Kg8 74. Kg2 Kf8
75. h4 Ke8 76. h5 Kxd8 77. h6 Kd7 78. h7 Rc8 { White resigns } 0-1

[Event "ICC tourney 2399 (75 10)"]
[Site "Internet Chess Club"]
[Date "2021.02.21"]
[Round "6"]
[White "SkyAngel"]
[Black "BranKing"]
[Result "1/2-1/2"]
[ICCResult "Game drawn because neither player has mating material"]
[WhiteElo "2177"]
[BlackElo "2061"]
[Opening "Ruy Lopez: Schliemann defense"]
[ECO "C63"]
[NIC "RL.06"]
[Time "18:07:29"]
[PlyCount "252"]
[TimeControl "4500+10"]

1. e4 e5 2. Nf3 Nc6 3. Bb5 f5 4. d3 fxe4 5. dxe4 Nf6 6. O-O Bc5 7. Nc3 d6
8. Bc4 Bg4 9. h3 Bh5 10. a3 Nd4 11. g4 Nxg4 12. Nxd4 Qh4 13. hxg4 Bxd4 14.
Kg2 Bxg4 15. Qd3 Rf8 16. f4 exf4 17. Bxf4 g5 18. Qg3 Qh5 19. Bb5+ Bd7 20.
Bxd7+ Kxd7 21. Be3 Be5 22. Qh3+ Qxh3+ 23. Kxh3 Rg8 24. Rf7+ Ke6 25. Rxc7
g4+ 26. Kg2 h5 27. Nd5 Rae8 28. Rxb7 h4 29. Nc7+ Kd7 30. Nxe8+ Kc8 31. Rh7
h3+ 32. Kg1 Rxe8 33. Rf1 d5 34. Rxa7 Kb8 35. Rff7 d4 36. Rfb7+ Kc8 37. Ra8+
Kxb7 38. Rxe8 dxe3 39. Rxe5 e2 40. Kf2 g3+ 41. Kxe2 h2 42. Rh5 g2 43. Rxh2
g1=Q 44. Rf2 Qc1 45. Kd3 Qxb2 46. Rf5 Qxa3+ 47. c3 Kc6 48. Rd5 Qc1 49. Rf5
Qd1+ 50. Kc4 Qe2+ 51. Kd4 Qd2+ 52. Kc4 Qe3 53. Rf6+ Kd7 54. Kd5 Qd3+ 55.
Ke5 Qxc3+ 56. Kf5 Qf3+ 57. Ke5 Qg3+ 58. Kf5 Qh3+ 59. Ke5 Qh5+ 60. Rf5 Qd1
61. Kf4 Qd2+ 62. Kf3 Ke6 63. Rd5 Qc3+ 64. Kf4 Qe1 65. Kf3 Qh4 66. Ke3 Qg3+
67. Kd4 Qf2+ 68. Kd3 Qf3+ 69. Kd4 Qg3 70. Rf5 Qd6+ 71. Ke3 Qa3+ 72. Kf4
Qc1+ 73. Kf3 Qf1+ 74. Ke3 Qe1+ 75. Kf3 Kd6 76. Rd5+ Ke6 77. Rf5 Qc3+ 78.
Kf4 Qd4 79. Kf3 Qg1 80. Rd5 Qf1+ 81. Ke3 Qe1+ 82. Kf3 Qc3+ 83. Kf4 Qh3 84.
Re5+ Kd6 85. Rd5+ Kc6 86. Rf5 Qh4+ 87. Kf3 Qh1+ 88. Ke3 Qe1+ 89. Kf3 Kd6
90. Rd5+ Ke6 91. Rf5 Qd2 92. Rd5 Qh2 93. Rf5 Qg1 94. Rd5 Qf1+ 95. Ke3 Qg2
96. Rf5 Qg3+ 97. Kd4 Qa3 98. Re5+ Kd6 99. Rd5+ Kc6 100. Rf5 Qh3 101. Rc5+
Kb6 102. Rf5 Qa3 103. Rd5 Kc6 104. Rf5 Qb4+ 105. Ke3 Qc3+ 106. Kf4 Kd6 107.
Rd5+ Ke6 108. Rf5 Qd4 109. Kf3 Qd3+ 110. Kf4 Qh3 111. Re5+ Kf6 112. Rf5+
Kg6 113. Rg5+ Kf6 114. Rf5+ Ke6 115. Re5+ Kd6 116. Rd5+ Kc6 117. Rf5 Qf1+
118. Ke3 Qe1+ 119. Kf3 Kd6 120. Rd5+ Ke6 121. Rf5 Qc3+ 122. Kf4 Qd4 123.
Kf3 Qd3+ 124. Kf4 Kd6 125. Rd5+ Qxd5 126. exd5 Kxd5 { Game drawn because
neither player has mating material } 1/2-1/2

[Event "ICC tourney 2399 (75 10)"]
[Site "Internet Chess Club"]
[Date "2021.02.21"]
[Round "6"]
[White "creepycrawlies"]
[Black "Ambuli123"]
[Result "1-0"]
[ICCResult "Black resigns"]
[WhiteElo "2201"]
[BlackElo "2169"]
[Opening "Nimzo-Indian: classical variation"]
[ECO "E32"]
[NIC "NI.20"]
[Time "18:07:14"]
[PlyCount "145"]
[TimeControl "4500+10"]

1. d4 Nf6 2. c4 e6 3. Nc3 Bb4 4. Qc2 O-O 5. a3 Bxc3+ 6. Qxc3 b6 7. Bg5 Bb7
8. e3 d6 9. Ne2 Nbd7 10. Qc2 c5 11. Rd1 Qe7 12. Nc3 h6 13. Bh4 cxd4 14.
Rxd4 g5 15. Bg3 e5 16. Rd2 Nc5 17. f3 Rad8 18. e4 Ne6 19. Bf2 Kg7 20. Be2
Nf4 21. O-O Bc8 22. Rfd1 Nxe2+ 23. Rxe2 Be6 24. b3 Rc8 25. Red2 Rfd8 26.
Qb2 Ne8 27. h3 f6 28. a4 Rb8 29. Qa3 a6 30. Nd5 Bxd5 31. Rxd5 a5 32. R5d3
Qc7 33. Be3 Qc6 34. h4 Kf7 35. Qa2 Ke7 36. Qf2 Ng7 37. Qg3 Ne6 38. Qh3 Nc5
39. hxg5 hxg5 40. Qh7+ Ke6 41. Bxc5 Qxc5+ 42. Kf1 Qc6 43. Ke2 Qd7 44. Qf5+
Ke7 45. Qh7+ Ke6 46. Qg6 Qe7 47. Qf5+ Kf7 48. Rh1 Rh8 49. Rh7+ Rxh7 50.
Qxh7+ Ke6 51. Qh3+ Kf7 52. Rd1 Rg8 53. Rh1 g4 54. Qh7+ Rg7 55. Qh5+ Kf8 56.
Qf5 gxf3+ 57. Kxf3 Kg8 58. Qc8+ Kf7 59. Rh8 Rg5 60. g3 f5 61. Rh7+ Rg7 62.
Qxf5+ Kg8 63. Rxg7+ Kxg7 64. Kg4 Qc7 65. Kh5 Kh8 66. Qf8+ Kh7 67. g4 Qb7
68. Qf5+ Kg7 69. g5 Qc7 70. Qf6+ Kg8 71. Qe6+ Kg7 72. g6 Qb7 73. Kg5 {
Black resigns } 1-0

[Event "ICC tourney 2399 (75 10)"]
[Site "Internet Chess Club"]
[Date "2021.02.21"]
[Round "6"]
[White "Gukesh"]
[Black "tirantes"]
[Result "1-0"]
[ICCResult "Black resigns"]
[WhiteElo "2667"]
[BlackElo "2422"]
[Opening "Queen's pawn game"]
[ECO "D02"]
[NIC "QP.08"]
[Time "18:07:29"]
[PlyCount "105"]
[TimeControl "4500+10"]

1. d4 d5 2. Nf3 e6 3. Bf4 Bd6 4. Bg3 Nf6 5. e3 O-O 6. Nbd2 c5 7. c3 Qc7 8.
Ne5 b6 9. Rc1 Nc6 10. f4 Ne7 11. Bd3 Nf5 12. Bf2 Be7 13. dxc5 bxc5 14. c4
Nd6 15. O-O Nfe4 16. cxd5 Nxf2 17. Rxf2 exd5 18. Qc2 g6 19. Qxc5 Qxc5 20.
Rxc5 Ne4 21. Bxe4 Bxc5 22. Bxd5 Rb8 23. Ndc4 Ba6 24. b3 Bxc4 25. Nxc4 Kg7
26. Rd2 f5 27. Kf2 Rbd8 28. Ke2 Rd7 29. Ne5 Rd6 30. Nc4 Rd7 31. Ne5 Rd6 32.
Rd3 Re8 33. a3 Kf6 34. g4 fxg4 35. Nxg4+ Ke7 36. b4 Bb6 37. e4 Rc8 38. Kf3
Rd7 39. b5 Bc7 40. e5 Rf8 41. Ke4 Bb6 42. Nh6 Bc5 43. a4 Re8 44. Ng8+ Kd8
45. Nf6 Ree7 46. Nxd7 Kxd7 47. a5 Ke8 48. Rc3 Bb4 49. Rc8+ Kd7 50. Ra8 Bc5
51. b6 axb6 52. a6 b5 53. a7 { Black resigns } 1-0